 Dungeon Sprint DCSS version bcrawl-1.20.1-3-gdcb1fc31ed (webtiles) character file.

Game seed: 11331628778147945613

41 Freyura the Shield-Bearer (level 3, 0/31 HPs)
             Began as a Formicid Fighter on Jan 28, 2020.
             Slain by a crimson imp (3 damage)
             ... in the Dungeon (Sprint IX: "|||||||||||||||||||||||||||||").
             The game lasted 00:00:48 (50 turns).

Freyura the Shield-Bearer (Formicid Fighter)          Turns: 50, Time: 00:00:49

Health: 0/31       AC:  7    Str: 20    XL:     3   Next: 75%
Magic:  3/3        EV:  9    Int:  7    God:
Gold:   0          SH:  9    Dex: 11    Spells: 2/2 levels left

rFire    . . .     SeeInvis +   a - +0 flail
rCold    . . .     Gourm    .   c - +0 shield
rNeg     . . .     Faith    .   b - +0 scale mail
rPois    .         Spirit   .   (helmet unavailable)
rElec    .         Reflect  .   (no cloak)
rCorr    .         Harm     .   (no gloves)
MR       .....                  (no boots)
Stlth    ..........             (no amulet)
HPRegen  0.10/turn              (no ring)
MPRegen  0.08/turn              (no ring)

@: no status effects
A: permanent stasis, dig shafts and tunnels, four strong arms, antennae 3
a: Dig


You were in the Dungeon.
You were not hungry.

You visited 1 branch

Inventory:

Hand Weapons
 a - a +0 flail (weapon)
Armour
 b - a +0 scale mail (worn)
 c - a +0 shield (worn)
Scrolls
 k - a scroll of blinking
Potions
 d - a potion of might
 f - a potion of curing
 g - a potion of heal wounds
 h - a potion of haste
 i - 2 potions of magic
 j - a potion of berserk rage
Comestibles
 e - a ration {!d}


   Skills:
 + Level 4.4 Fighting
 * Level 4.2 Maces & Flails
 + Level 4.4 Armour
 + Level 2.1 Dodging
 + Level 4.8 Shields


You had 2 spell levels left.
You didn't know any spells.
Your spell library was empty.

Dungeon Overview and Level Annotations

Branches:
Dungeon (1/1)

Altars:
Cheibriados
Dithmenos
Elyvilon
Fedhas
Gozag
Hepliaklqana
Kikubaaqudgha
Lugonu
Makhleb
Beogh
Jiyva


Innate Abilities, Weirdness & Mutations

You cannot be hasted, slowed, berserked, paralysed or teleported.
You can dig through walls and to a lower floor.
Your four strong arms can wield two-handed weapons with a shield.
You have a pair of large antennae on your head. (SInv)


Message History

The phantom is lightly damaged.
The phantom hits you.
* * * LOW HITPOINT WARNING * * *
The phantom blinks!
Found a corrupted altar of Lugonu.
There is a shadowy altar of Dithmenos here.
The phantom hits you.
* * * LOW HITPOINT WARNING * * *
Found a burning altar of Makhleb.
There is a white marble altar of Elyvilon here.
You closely miss the phantom.
The phantom is lightly damaged.
The phantom hits you but does no damage. x2
You closely miss the phantom.
The phantom is lightly damaged.
The crimson imp closely misses you. You block the phantom's attack.
You closely miss the phantom.
The phantom is lightly damaged.
The crimson imp hits you.
You die...

▓.▓
▓.▓
▓.▓
▓.▓
▓'▓
▓_▓
▓_▓
▓5▓
▓@▓
▓W▓
{
▓_▓
{
▓_▓
{
▓_▓
{
▓_▓
{
▓_▓
▓_▓


You could see a phantom and a crimson imp.

Vanquished Creatures
  A quasit (D)
  A dart slug (D)
  An orc (D)
  A ball python (D)
  A hobgoblin (D)
  A leopard gecko zombie (D)
  2 rats (D)
8 creatures vanquished.

Notes
Turn   | Place    | Note
-------+----------+-------------------------------------------
     0 | D        | Freyura the Formicid Fighter began the quest for the Orb.
     0 | D        | Reached XP level 1. HP: 18/18 MP: 1/1
    12 | D        | Reached skill level 1 in Dodging
    12 | D        | Reached XP level 2. HP: 25/25 MP: 2/2
    21 | D        | Noticed a quasit
    21 | D        | Noticed a crimson imp
    21 | D        | Noticed a phantom
    29 | D        | Killed a quasit
    29 | D        | Reached XP level 3. HP: 18/31 MP: 3/3
    40 | D        | Found a roughly hewn altar of Beogh.
    40 | D        | Found a snail-covered altar of Cheibriados.
    40 | D        | Found a shadowy altar of Dithmenos.
    40 | D        | Found a white marble altar of Elyvilon.
    40 | D        | Found a blossoming altar of Fedhas.
    40 | D        | Found an opulent altar of Gozag.
    41 | D        | Found a hazy altar of Hepliaklqana.
    42 | D        | Found a viscous altar of Jiyva.
    43 | D        | Found an ancient bone altar of Kikubaaqudgha.
    46 | D        | Found a corrupted altar of Lugonu.
    47 | D        | Found a burning altar of Makhleb.
    50 | D        | Slain by a crimson imp

Skill      XL: |  1  2 |
---------------+-------+-----
Dodging        | 1 2 |  2.1
Shields        | 4 |  4.8
Maces & Flails | 4 |  4.2
Fighting       | 4 |  4.4
Armour         | 4 |  4.4

Action                   || total
-------------------------++-------
Melee: Flail             ||    28
Armor: Scale mail        ||    12
Dodge: Dodged            ||     9
Block: Shield            ||    18
